 Dungeon Crawl Stone Soup version 0.28.0-62-gf88900778d (webtiles) character file.

Game seed: 13255552756541000046

36242 cbfl8 the Cleaver (level 13, -8/148 HPs)
             Began as a Demonspawn Berserker on Aug 24, 2023.
             Was a High Priest of Trog.
             Mangled by a cyclops (23 damage)
             ... on level 14 of the Dungeon on Aug 25, 2023.
             The game lasted 00:19:09 (14797 turns).

cbfl8 the Cleaver (Demonspawn Berserker)           Turns: 14797, Time: 00:19:10

Health: -8/148     AC: 22    Str: 26    XL:     13   Next: 51%
Magic:  0/13       EV:  4    Int: 13    God:    Trog [*****.]
Gold:   415        SH: 15    Dex: 15    Spells: 12/12 levels left

rFire   + + +      SeeInvis .   p - +6 broad axe of Bexieh Upruff {elec, rElec rPois rC++}
rCold   + + +      Faith    .   d - +0 kite shield of the Crypt {rPois rF+ Regen+}
rNeg    . . .      Spirit   +   y - +2 gold dragon scales
rPois   +          Reflect  +   (helmet restricted)
rElec   +          Harm     +   i - scarf {rC+ rF+}
rCorr   .          Rampage  .   Q - +1 pair of gloves of Youthful Indiscretion {Harm Will++}
Will    +....                   F - +0 pair of boots
Stlth   ..........              G - amulet of reflection
HPRegen 1.14/turn               g - ring of Dithmenos's Outrage {rPois rC+ Will- Str+4}
MPRegen 0.26/turn               T - ring of Wishful Thinking {Fly rElec Str+2}

@: berserking, flying, very quick
A: antennae 2, powered by pain 1, magic shield, magic regeneration, magic link,
big brain 2
a: Renounce Religion, Berserk, Trog's Hand, Brothers in Arms


You were on level 14 of the Dungeon.
You worshipped Trog.
Trog was extremely pleased with you.
You visited 1 branch of the dungeon, and saw 14 of its levels.
You also visited: Gauntlet.

You collected 2006 gold pieces.
You spent 1591 gold pieces at shops.

Inventory:

Hand Weapons
 p - the +6 broad axe of Bexieh Upruff (weapon) {elec, rElec rPois rC++}
   (You acquired it on level 4 of the Dungeon)

   It occasionally discharges a powerful burst of electricity upon striking a
   foe.
   rC:        It greatly protects you from cold.
   rElec:     It insulates you from electricity.
   rPois:     It protects you from poison.
 O - a +3 broad axe
Missiles
 b - 7 silver javelins
 j - 13 boomerangs
 m - 2 javelins
 E - 3 throwing nets
Armour
 d - the +0 kite shield of the Crypt (worn) {rPois rF+ Regen+}
   (You acquired it on level 4 of the Dungeon)

   rF:        It protects you from fire.
   rPois:     It protects you from poison.
   Regen:     It increases your rate of health regeneration.
 i - a scarf of resistance (worn)
 y - +2 gold dragon scales (worn)
 F - a +0 pair of boots (worn)
 Q - the +1 pair of gloves of Youthful Indiscretion (worn) {Harm Will++}
   (You bought it in a shop on level 10 of the Dungeon)

   Harm:      It increases damage dealt and taken.
   Will:      It greatly increases your willpower.
Jewellery
 g - the ring of Dithmenos's Outrage (left hand) {rPois rC+ Will- Str+4}
   (You acquired it on level 4 of the Dungeon)

   [ring of poison resistance]

   Str:       It affects your strength (+4).
   rC:        It protects you from cold.
   rPois:     It protects you from poison.
   Will:      It decreases your willpower.
 w - a +4 ring of slaying
 G - an amulet of reflection (around neck)
 R - a ring of protection from cold
 T - the ring of Wishful Thinking (right hand) {Fly rElec Str+2}
   (You found it in a Gauntlet)

   [ring of flight]

   Str:       It affects your strength (+2).
   rElec:     It insulates you from electricity.
   Fly:       It grants you flight.
 U - a ring of protection from fire
Wands
 o - a wand of digging (20)
 t - a wand of charming (1)
 C - a wand of paralysis (27)
 J - a wand of flame (6)
 M - a wand of mindburst (11) (quivered)
 V - a wand of polymorph (9)
 W - a wand of acid (5)
Scrolls
 a - 2 scrolls of brand weapon
 f - a scroll of silence
 h - 6 scrolls of teleportation
 k - 5 scrolls of fog
 q - 3 scrolls of noise
 r - 4 scrolls of enchant weapon
 v - 2 scrolls of fear {unknown}
 z - 3 scrolls of magic mapping
 I - a scroll of vulnerability
 P - a scroll of holy word {unknown}
 X - a scroll of amnesia {unknown}
Potions
 c - 3 potions of magic {unknown}
 e - 3 potions of lignification {unknown}
 l - a potion of might {unknown}
 n - 2 potions of heal wounds
 s - 3 potions of curing
 u - 3 potions of cancellation {unknown}
 x - a potion of brilliance {unknown}
 A - a potion of ambrosia {unknown}
 B - 2 potions of flight {unknown}
 D - a potion of haste
 H - 3 potions of resistance {unknown}
 L - 3 potions of mutation {unknown}
 N - a potion of degeneration {unknown}
Miscellaneous
 S - a piece from Xom's chessboard (15/15)


   Skills:
 + Level 8.5 Fighting
 + Level 12.8 Axes
 * Level 8.8 Throwing
 + Level 8.6 Armour
 - Level 1.7 Dodging
 + Level 6.5 Shields
 * Level 9.5 Evocations


You had 12 spell levels left.
You didn't know any spells.
Your spell library contained the following spells:

 Spells                   Type           Power      Damage    Failure   Level
 Corpse Rot               Necr/Air       0%         N/A       100%        2
 Poisonous Vapours        Pois/Air       0%         N/A       100%        2


Dungeon Overview and Level Annotations

Branches:
Dungeon (14/15)            Temple (0/1) D:6            Lair (0/6) D:9
    Orc (0/2) D:10         Vaults (0/5) D:13        Gauntlet (visited)

Altars:
Fedhas
Makhleb
Qazlal
Sif Muna
Trog
Vehumet

Shops:
D:4 [   D:10 [   D:12 (   D:14 *


Innate Abilities, Weirdness & Mutations

You have a pair of antennae on your head.
You sometimes gain a little power by taking damage.
When hurt, damage is shared between your health and your magic reserves.
You regenerate magic rapidly.
When low on magic, you restore magic in place of health.
You have an extremely huge brain. (Int +4)


Message History

You hit the wizard. Lightning courses through the wizard!
The wizard is severely wounded.
You block the wizard's attack.
You slice the wizard!! Lightning courses through the wizard!!
You kill the wizard!
Trog accepts your kill.
Trog appreciates your killing of a magic user.
The cyclops throws a large rock.
The large rock hits you!!
You focus on the pain.
You feel your power returning.
Unknown command.
A cyclops comes into view.
Unknown command.
The cyclops shouts!
Unknown command.
The cyclops throws a large rock.
The large rock hits you!!!
You focus on the pain.
You feel your power returning.
You are too injured to fight recklessly!
Unknown command.
You are too injured to fight recklessly!
Unknown command.
You are too injured to fight recklessly!
Unknown command.
You are too injured to fight recklessly!
Unknown command.
Found 25 gold pieces.
You block the cyclops's attack.
You slash the cyclops!
The cyclops is moderately wounded.
You slash the cyclops! The cyclops hits you!
You slice the cyclops!!
The cyclops is almost dead.
You hit the cyclops. The cyclops hits you!
* * * LOW HITPOINT WARNING * * *
The cyclops hits you!
* * * LOW HITPOINT WARNING * * *
Unknown command.
Okay, then.
A red film seems to cover your vision as you go berserk!
You feel yourself moving faster!
You feel mighty! The cyclops hits you!!
You die...

#.#.#.###.#.#.##
##... #
#...#.#.#..## ##..
##.###.###.###....
##.
#.................#
##
#..............#..#
#
#..#.#.###.###....#
#. #.#.#.#...# ...#
#$.###.#C#.###....#
#.....C@.....).#
#..............#
#..###.#.#.###....#
# #.#.#... ....#
#.###.### .>.# ..
... ..## .. .## ##
... ..


You could see 2 cyclopes.

Vanquished Creatures
  Jorgrun (D:14)
  Azrael (D:14)
  A minotaur (Gauntlet)
  Snorg (D:13)
  3 hydras
  Harold (D:7)
  A hell beast (Gauntlet)
  A centaur warrior (D:14)
  A death knight (D:13)
  5 two-headed ogres
  Pikel (D:3)
  2 wizards
  A phantasmal warrior (D:13)
  2 manticores
  16 ugly things
  2 cyclopes (D:11)
  Maurice (D:9)
  A black mamba (shapeshifter) (D:14)
  A gargoyle (D:14)
  4 kobold demonologists
  An efreet (D:13)
  2 freezing wraiths
  5 trolls
  A queen bee (Gauntlet)
  Grinder (D:2)
  A raiju (Gauntlet)
  3 hornets
  7 slime creatures (D:14)
  5 shadows (D:10)
  3 wyverns
  2 fire elementals (D:14)
  13 yaks
  6 wraiths
  A steam dragon (Gauntlet)
  6 vampire mosquitoes
  An acid dragon (D:13)
  3 water moccasins
  2 hell hounds (D:14)
  A hornet zombie (D:7)
  3 ice beasts
  3 black bears (D:9)
  3 orc warriors
  5 necrophages (D:7)
  A tengu (shapeshifter) (D:12)
  A centaur (D:6)
  A phantom (D:5)
  5 kobold brigands
  2 bullfrogs
  4 scorpions
  A wyvern zombie (D:9)
  2 gnoll sergeants (D:13)
  A troll zombie (D:10)
  10 killer bees
  3 howler monkeys
  A bullfrog zombie (D:7)
  2 centaur zombies
  2 centaur skeletons
  2 hounds (D:5)
  6 orc priests
  2 bullfrog skeletons
  Ijyb (D:3)
  2 iguanas (D:6)
  7 orc wizards
  A killer bee zombie (D:9)
  7 ogre zombies (D:10)
  2 howler monkey zombies (D:7)
  7 gnolls (D:13)
  5 adders
  A white imp (D:8)
  An adder skeleton (D:4)
  2 worms
  3 dart slugs
  18 orcs
  4 ball pythons
  5 endoplasms
  6 giant cockroaches
  6 hobgoblins
  10 jackals
  7 quokkas
  6 bats
  2 frilled lizards (D:1)
  6 goblins
  A goblin skeleton (D:10)
  2 goblin zombies (D:10)
  2 hobgoblin skeletons (D:10)
  2 hobgoblin zombies (D:10)
  20 kobolds
  3 orc skeletons (D:10)
  15 orc zombies (D:10)
  14 rats
  2 bushes (D:7)
341 creatures vanquished.

Vanquished Creatures (others)
  2 bushes (D:7)
  25 fungi (D:9)
  42 plants
69 creatures vanquished.

Grand Total: 410 creatures vanquished

Notes
Turn   | Place    | Note
-------+----------+-------------------------------------------
     0 | D:1      | cbfl8 the Demonspawn Berserker began the quest for the Orb.
     0 | D:1      | Reached XP level 1. HP: 18/18 MP: 1/1
   255 | D:1      | Gained mutation: You have a pair of small antennae on your
                  | head. [demonic ancestry]
   255 | D:1      | Reached XP level 2. HP: 19/24 MP: 2/2
   305 | D:1      | Reached skill level 1 in Evocations
   700 | D:1      | Reached skill level 3 in Axes
   788 | D:1      | Reached ** piety under Trog
   792 | D:1      | Reached XP level 3. HP: 26/29 MP: 3/3
  1321 | D:2      | Reached XP level 4. HP: 23/35 MP: 4/4
  2298 | D:2      | Identified the +8 hand axe of Dim Light {drain, rN+ Str+4
                  | Int+3}
  2632 | D:3      | Noticed Ijyb
  2640 | D:3      | Killed Ijyb
  2641 | D:3      | Gained mutation: You have an unusually large brain. (Int
                  | +2) [demonic ancestry]
  2641 | D:3      | Reached XP level 5. HP: 31/41 MP: 5/5
  2795 | D:3      | Found a faded altar of an unknown god.
  2835 | D:3      | Noticed Grinder
  2835 | D:3      | Paralysed by Grinder for 4 turns
  2852 | D:2      | Paralysed by Grinder for 4 turns
  2857 | D:2      | Killed Grinder
  2858 | D:2      | Reached skill level 4 in Axes
  2858 | D:2      | Reached skill level 1 in Throwing
  2858 | D:2      | Reached XP level 6. HP: 23/48 MP: 6/6
  3644 | D:4      | Noticed Pikel
  3664 | D:3      | Killed Pikel
  3665 | D:3      | Reached skill level 5 in Axes
  3665 | D:3      | Gained mutation: You regenerate magic rapidly. [demonic
                  | ancestry]
  3665 | D:3      | Reached XP level 7. HP: 33/54 MP: 7/7
  4188 | D:4      | Reached *** piety under Trog
  4431 | D:4      | Found Ninurta's Dragon-Slaying Spoils.
  4673 | D:4      | Found a shimmering blue altar of Sif Muna.
  5106 | D:4      | Identified a scroll of acquirement
  5109 | D:4      | Acquired the +6 broad axe of Bexieh Upruff {elec, rElec
                  | rPois rC++}
  5127 | D:5      | Entered Level 5 of the Dungeon
  5148 | D:5      | Noticed a wyvern
  5155 | D:5      | Killed a wyvern
  5156 | D:5      | Gained mutation: When hurt, damage is shared between your
                  | health and your magic reserves. [demonic ancestry]
  5156 | D:5      | Reached XP level 8. HP: 33/60 MP: 8/8
  5354 | D:5      | Acquired 1123 gold pieces
  5398 | D:4      | Bought +0 gold dragon scales for 800 gold pieces
  5409 | D:4      | Acquired the +0 kite shield of the Crypt {rPois rF+ Regen+}
  5422 | D:4      | Acquired the ring of Dithmenos's Outrage {rPois rC+ Will-
                  | Str+4}
  5475 | D:5      | You fall into a shaft and drop 2 floors!
  5481 | D:7      | Reached skill level 6 in Axes
  5481 | D:7      | Reached skill level 1 in Shields
  5552 | D:7      | Reached skill level 5 in Armour
  5665 | D:6      | Found a staircase to the Ecumenical Temple.
  6258 | D:6      | Reached skill level 7 in Axes
  6650 | D:7      | Reached XP level 9. HP: 64/66 MP: 7/9
  6698 | D:7      | Noticed Harold
  6709 | D:7      | Killed Harold
  6710 | D:7      | Reached skill level 5 in Fighting
  6887 | D:7      | Reached **** piety under Trog
  7031 | D:7      | Reached skill level 5 in Evocations
  7153 | D:7      | Found a blossoming altar of Fedhas.
  7289 | D:7      | Reached skill level 8 in Axes
  8003 | D:8      | Reached skill level 5 in Throwing
  8003 | D:8      | Gained mutation: When low on magic, you restore magic in
                  | place of health. [demonic ancestry]
  8003 | D:8      | Reached XP level 10. HP: 75/75 MP: 10/10
  8438 | D:9      | Noticed a four-headed hydra
  8445 | D:9      | Killed an eight-headed hydra
  8545 | D:9      | Reached skill level 9 in Axes
  8592 | D:9      | Found the +4 robe of Augmentation {Str+4 Int+4 Dex+4}
  8645 | D:9      | Found a staircase to the Lair.
  8750 | D:9      | Noticed Maurice
  8785 | D:9      | Killed Maurice
  9048 | D:10     | Entered Level 10 of the Dungeon
  9068 | D:10     | Found Elif's Antique Armour Boutique.
  9338 | D:10     | Gained mutation: You have an extremely huge brain. (Int +4)
                  | [demonic ancestry]
  9338 | D:10     | Reached XP level 11. HP: 72/81 MP: 8/11
  9422 | D:10     | Reached ***** piety under Trog
  9442 | D:10     | Found a staircase to the Orcish Mines.
  9457 | D:10     | Reached skill level 10 in Axes
  9566 | D:10     | Found a radiant altar of Vehumet.
  9566 | D:10     | Found a stormy altar of Qazlal.
  9568 | D:10     | Found a bloodstained altar of Trog.
  9574 | D:10     | Received a gift from Trog
 10132 | D:10     | Found a burning altar of Makhleb.
 10468 | D:10     | Bought a pair of faintly glowing gloves for 332 gold pieces
 10468 | D:10     | Identified the +1 pair of gloves of Youthful Indiscretion
                  | {Harm Will++} (You bought it in a shop on level 10 of the
                  | Dungeon)
 10528 | D:11     | Noticed a two-headed ogre
 10534 | D:11     | Killed a two-headed ogre
 11102 | D:12     | Noticed a two-headed ogre
 11108 | D:12     | Killed a two-headed ogre
 11207 | D:12     | Noticed a two-headed ogre
 11211 | D:12     | Killed a two-headed ogre
 11212 | D:12     | Reached skill level 11 in Axes
 11291 | D:12     | Reached skill level 5 in Shields
 11354 | D:12     | Noticed a sun demon
 11356 | D:12     | Gained mutation: You have a pair of antennae on your head.
                  | [demonic ancestry]
 11356 | D:12     | Reached XP level 12. HP: 91/91 MP: 12/12
 11396 | D:12     | Found Icofugul's Weapon Shoppe.
 11414 | D:12     | Noticed a two-headed ogre
 11420 | D:12     | Killed a two-headed ogre
 11530 | D:12     | Noticed a four-headed hydra
 11542 | D:12     | Killed an 11-headed hydra
 12100 | D:13     | Noticed a six-headed hydra
 12100 | D:13     | Noticed Snorg
 12111 | D:13     | HP: 1/91 [Snorg (11)]
 12376 | D:12     | Killed a seven-headed hydra
 12657 | D:13     | Noticed a two-headed ogre
 12661 | D:13     | Killed a two-headed ogre
 12728 | D:13     | Found a gate to the Vaults.
 12769 | D:13     | Killed Snorg
 12989 | D:13     | Noticed a death knight
 12997 | D:13     | Killed a death knight
 13272 | D:14     | Reached skill level 12 in Axes
 13317 | D:14     | Gained mutation: You sometimes gain a little power by
                  | taking damage. [demonic ancestry]
 13317 | D:14     | Reached XP level 13. HP: 24/98 MP: 5/13
 13362 | D:14     | Found a gate leading to a gauntlet.
 13374 | Gauntlet | Entered a Gauntlet
 13374 | Gauntlet | Found a transporter.
 13374 | Gauntlet | Found a runed translucent door.
 13374 | Gauntlet | Found a runed translucent door.
 13374 | Gauntlet | Found a transporter.
 13374 | Gauntlet | Found a transporter.
 13376 | Gauntlet | Found a transporter.
 13377 | Gauntlet | Found a transporter.
 13394 | Gauntlet | Found a transporter.
 13403 | Gauntlet | Found a transporter.
 13406 | Gauntlet | Found a transporter.
 13409 | Gauntlet | Noticed a quicksilver ooze
 13412 | Gauntlet | Found a runed translucent gate.
 13412 | Gauntlet | Found a runed translucent gate.
 13412 | Gauntlet | Found a runed translucent gate.
 13414 | Gauntlet | Found a transporter.
 13434 | Gauntlet | Found a transporter.
 13453 | Gauntlet | Found a transporter.
 13456 | Gauntlet | Found a transporter.
 13581 | Gauntlet | Identified the -6 hat of the Scribe {rF+ Str+4 Dex+2}
 13664 | Gauntlet | Identified the ring of Wishful Thinking {Fly rElec Str+2}
 13807 | Gauntlet | Identified the +8 great mace of Wasaacui {venom, Str+6}
 13807 | Gauntlet | Identified the +10 hunting sling of Yredelemnul's Envy
                  | {freeze, Dex+2}
 13807 | Gauntlet | Noticed a minotaur
 13822 | Gauntlet | Killed a minotaur
 14203 | D:14     | Noticed Jorgrun
 14215 | D:14     | Killed Jorgrun
 14225 | D:14     | Noticed Azrael
 14325 | D:14     | Found Vibbiff's Overcharged Wands.
 14330 | D:14     | Bought a wand of paralysis (25) for 459 gold pieces
 14417 | D:14     | Killed Azrael
 14797 | D:14     | Mangled by a cyclops

Illustrated notes

Levels and vault maps discovered:
D:1:      dpeg_arrival_prison, layout_basic, minmay_misc_feat_alley
D:2:      layout_loops_ring, serial_forest, infiniplex_forest_straight_2,
          infiniplex_forest_lined_ring, infiniplex_forest_lined_ring,
          infiniplex_forest_straight_4, infiniplex_forest_lined_1,
          infiniplex_forest_end_double, infiniplex_forest_diagonal,
          serial_bayou_pond_b, kennysheep_generic_room_3
D:3:      layout_basic, ebering_ecumenical_altar_box, uniq_ijyb, uniq_grinder
D:4:      layout_basic, kennysheep_orc_sif_temple,
          hangedman_decor_clover_reticule, nicolae_shop_dragon_depot, uniq_pikel
D:5:      layout_basic
D:6:      layout_basic, temple_statues
D:7:      layout_rooms, fedhas_altar_decomposition, hex_intersection,
          uniq_harold
D:8:      layout_basic
D:9:      layout_basic, due_lair_maze_entry_diamond, uniq_maurice
D:10:     lemuel_troll_bridge, layout_loops_ring, lemuel_round_altar,
          gammafunk_temple_overflow_claw, zombieorc2_lemuel, serial_shops,
          nicolae_shop_waterfront
D:11:     layout_roguey, serial_corexii_hall, corexii_hall_statues_s,
          chequers_hall_statues_corner_a
D:12:     layout_stronghold, serial_shops, shop
D:13:     layout_irregular_city, david_vaults_1, uniq_snorg
D:14:     layout_layer_cave, gauntlet_entry_generic,
          minmay_misc_feat_nine_boxes, nicolae_shop_overcharged_wands,
          uniq_jorgrun, uniq_azrael

Skill      XL: |  1  2  3  4  5  6  7  8  9 10 11 12 13 |
---------------+----------------------------------------+-----
Armour         | 2 3 4 5 6 7 8 |  8.6
Evocations     | 1 2 3 4 5 6 7 8 9 |  9.5
Axes           | 3 4 5 7 8 9 11 12 | 12.8
Throwing       | 1 2 3 5 6 7 8 |  8.8
Fighting       | 4 5 6 7 8 |  8.5
Shields        | 1 2 3 5 6 |  6.5
Dodging        | |  1.7

Action                   |  1- 3 |  4- 6 |  7- 9 | 10-12 | 13-15 || total
-------------------------+-------+-------+-------+-------+-------++-------
Melee: Hand axe          |   129 |    73 |    32 |       |       ||   234
       Punch             |     1 |       |       |       |       ||     1
       Broad axe         |       |       |   134 |   433 |    97 ||   664
Invok: Berserk           |     2 |     2 |       |     9 |     5 ||    18
       Trog's Hand       |       |       |       |       |     1 ||     1
Evoke: Wand              |       |       |       |     5 |       ||     5
  Use: Scroll            |       |     1 |     9 |     7 |     4 ||    21
       Potion            |       |       |       |     3 |     1 ||     4
 Stab: Sleeping          |     2 |       |       |       |       ||     2
Armor: Animal skin       |     8 |       |       |       |       ||     8
       Scale mail        |    51 |    33 |    20 |       |       ||   104
       Gold dragon scale |       |       |   123 |   343 |    62 ||   528
Dodge: Dodged            |    92 |    23 |    24 |    57 |     9 ||   205
Block: Buckler           |     7 |     6 |     9 |       |       ||    22
       Kite shield       |       |       |    65 |   409 |    89 ||   563
       Reflection        |       |       |       |     7 |     2 ||     9
